 Dungeon Sprint DCSS version 0.30.1-4-g462c640d31 (webtiles) character file.

Game seed: 14186860683084714484

27 Heoruswealwe the Magician (level 2, -8/15 HPs)
             Began as a Deep Elf Earth Elementalist on Aug 30, 2023.
             Mangled by an ogre
             ... wielding a +0 giant club
              (23 damage)
             ... in the Dungeon (Sprint I: "Red Sonja").
             The game lasted 00:01:25 (90 turns).

Heoruswealwe the Magician (DEEE)                      Turns: 90, Time: 00:01:26

Health: -8/15      AC:  2    Str:  5    XL:     2   Next: 93%
Magic:  11/11      EV: 12    Int: 19    God:
Gold:   54         SH:  0    Dex: 15    Spells: 10/13 levels left

rFire   . . .        a - +0 club
rCold   . . .        (no shield)
rNeg    . . .        c - +0 robe
rPois   .            (no helmet)
rElec   .            (no cloak)
rCorr   .            (no gloves)
SInv    .            (no boots)
Will    .....        (no amulet)
Stlth   ++           (no ring)
HPRegen 0.22/turn    (no ring)
MPRegen 0.12/turn

%: no teleportation
@: no status effects
A: no striking features
a: no special abilities


You were in the Dungeon.
You visited 1 branch You collected 54 gold pieces.

Inventory:

Hand Weapons
 a - a +0 club (weapon)
Armour
 c - a +0 robe (worn)
Wands
 e - a wand of iceblast (10)
Scrolls
 g - a scroll of blinking
Potions
 b - 3 potions of magic
 d - a potion of heal wounds
 f - a potion of curing


   Skills:
 - Level 2.4 Dodging
 - Level 2.4 Stealth
 + Level 6.2 Spellcasting
 - Level 1.1 Transmutations
 + Level 5.6 Earth Magic


You had 10 spell levels left.
You knew the following spells:

 Your Spells              Type           Power      Damage    Failure   Level
a - Sandblast             Erth           54%        2d13      1%          1
z - Passwall              Tmut/Erth      15%        N/A       4%          2

Your spell library contained the following spells:

 Spells                   Type           Power      Damage    Failure   Level
 Stone Arrow              Conj/Erth      32%        3d9       11%         3
 Petrify                  Tmut/Erth      18%        N/A       26%         4


Dungeon Overview and Level Annotations

Branches:
Dungeon (1/1)

Altars:


Message History

You begin to meditate on the wall.
You continue meditating on the rock. x2
You finish merging with the rock.
Found 54 gold pieces.
You now have 27 gold pieces.
You now have 54 gold pieces (gained 27).
Casting: Passwall (safe; 4% risk of failure)
Confirm with . or Enter, or press ? or * to list all spells.
Aiming: Passwall (safe; 4% risk of failure)
Press: ? - help, Dir - move target A rock wall.
HP restored.
You begin to meditate on the wall.
You continue meditating on the rock. x2
You finish merging with the rock.
Your extra speed is starting to run out.
There is an open door, spattered with blood here.
You start resting.
You feel yourself speed up.
You feel yourself slow down.
You start resting.
You recover from your berserk rage.
You start resting.
Magic restored.
You open the door.
An ogre comes into view. It is wielding a +0 giant club.
The ogre shouts!
Casting: Passwall (safe; 4% risk of failure)
Confirm with . or Enter, or press ? or * to list all spells.
Okay, then.
Aiming: Iceblast
Press: ? - help, Shift-Dir - straight line, f - ogre
Aim: an ogre, wielding a +0 giant club The mass of ice explodes!
The iceblast engulfs the ogre!!
The ogre is severely wounded.
The ogre attacks as you move away! The ogre barely misses you.
Things that are here:
a +0 scale mail; the goblin corpse of Ijyb
There is an open door, spattered with blood here.
The ogre attacks as you move away!
The ogre hits you with a +0 giant club!!
Ouch! That really hurt!
You die...

##########
#<.#..'..#
#..O[.#..+
#.@#### +#
#..# #..#
#..# #⌠⌠#
#### #..#
####


You could see an ogre.

Vanquished Creatures
  Ijyb (D)
1 creature vanquished.

Notes
Turn   | Place    | Note
-------+----------+-------------------------------------------
     0 | D        | Heoruswealwe the Deep Elf Earth Elementalist began the
                  | quest for the Orb.
     0 | D        | Reached XP level 1. HP: 10/10 MP: 6/6
     1 | D        | Noticed Ijyb
    14 | D        | Killed Ijyb
    15 | D        | Reached skill level 6 in Spellcasting
    15 | D        | Reached skill level 5 in Earth Magic
    15 | D        | Reached XP level 2. HP: 15/15 MP: 7/11
    24 | D        | Learned a level 2 spell: Passwall
    85 | D        | Noticed an ogre
    90 | D        | Mangled by an ogre

Illustrated notes

Levels and vault maps discovered:
D:        dungeon_sprint_1 [red_sonja_temple_1, red_sonja_temple_small_1]

Skill      XL: |  1 |
---------------+----+-----
Spellcasting   | 6 |  6.2
Earth Magic    | 5 |  5.6
Dodging        | |  2.4
Stealth        | |  2.4
Transmutations | |  1.1

Action                     || total
---------------------------++-------
  Melee: Unarmed           ||    10
   Cast: Passwall          ||     2
  Evoke: Wand              ||     1
    Use: Potion            ||     2
 Armour: Robe              ||     1
  Dodge: Dodged            ||     5
